 Dungeon Crawl Stone Soup version 0.22-a0-601-gb0ed703ee0 (webtiles) character file.

29346 PikkenKukken the Fighter (level 13, -13/103 (104) HPs)
             Began as a Red Draconian Fighter on July 7, 2018.
             Was a High Priest of Hepliaklqana.
             Mangled by a stone giant (30 damage)
             ... on level 11 of the Dungeon.
             The game lasted 00:55:09 (19569 turns).

PikkenKukken the Fighter (Red Draconian Fighter)   Turns: 19569, Time: 00:55:11

HP:   -13/103 (104) AC: 13    Str: 21    XL:     13   Next: 14%
MP:   16/16         EV: 18    Int:  9    God:    Hepliaklqana [*****.]
Gold: 520           SH: 13    Dex: 17    Spells: 12/12 levels left

rFire    + + .     SeeInvis .   p - +1 rapier (venom)
rCold    . . .     Gourm    .   b - +1 shield
rNeg     . . .     Faith    .   (armour unavailable)
rPois    .         Spirit   .   B - +2 hat
rElec    .         Reflect  .   (no cloak)
rCorr    +         Harm     .   H - +0 pair of gloves
MR       .....     Rnd*Tele +   v - +1 pair of boots
Stlth    ++........             D - amulet of magic regeneration
HPRegen  0.27/turn              j - ring of resist corrosion
MPRegen  0.40/turn              J - ring of protection from fire

@: flying
A: breathe fire, unfitting armour, reduced essence, big wings, stinger 1, agile
1, fire resistance 1, strong 1, teleportitis 1, cold-blooded, AC +8
a: Breathe Fire, Stop Flying, Recall Ancestor, Ancestor Identity, Transference,
Idealise, Renounce Religion


You were on level 11 of the Dungeon.
You worshipped Hepliaklqana.
Hepliaklqana was extremely pleased with you.
You were not hungry.

You visited 3 branches of the dungeon, and saw 17 of its levels.

You collected 982 gold pieces.
You spent 462 gold pieces at shops.

Inventory:

Hand Weapons
 p - a +1 rapier of venom (weapon)
 L - a +2 short sword
Missiles
 i - 7 tomahawks (quivered)
Armour
 b - a +1 shield (worn)
 v - a +1 pair of boots (worn)
 B - a +2 hat (worn)
 H - a +0 pair of gloves (worn)
Jewellery
 a - an uncursed ring of protection from cold
 j - a ring of resist corrosion (left hand)
 D - an amulet of magic regeneration (around neck)
 J - a ring of protection from fire (right hand)
Wands
 s - a wand of iceblast (9)
 t - a wand of clouds (11)
 w - a wand of paralysis (3)
 z - a wand of disintegration (14)
 I - a wand of acid (3)
 M - a wand of polymorph (16)
Scrolls
 l - a scroll of noise
 o - 3 scrolls of teleportation
 r - 2 scrolls of enchant weapon
 u - 5 scrolls of amnesia
 y - 2 scrolls of enchant armour
 E - 3 scrolls of identify
 F - 3 scrolls of remove curse
Potions
 c - a potion of agility
 e - a potion of magic
 f - 9 potions of curing
 g - 7 potions of brilliance
 h - a potion of ambrosia
 k - 3 potions of heal wounds
 m - 2 potions of cancellation
 n - 2 potions of lignification
 q - a potion of resistance
 A - 2 potions of flight
 C - a potion of might
 K - a potion of berserk rage
 N - a potion of invisibility
 Q - a potion of haste
Miscellaneous
 x - a phantom mirror
 G - a lightning rod (4/4)
Comestibles
 d - 21 rations
 O - 2 chunks of flesh


   Skills:
 + Level 11.2 Fighting
 + Level 10.1 Short Blades
 - Level 8.9 Throwing
 + Level 9.5 Dodging
 + Level 10.3 Shields
 - Level 3.0 Invocations
 * Level 5.0 Evocations


You had 12 spell levels left.
You didn't know any spells.
Your spell library contained the following spells:

 Spells                   Type           Power        Failure   Level  Hunger
 Magic Dart               Conj           #...         58%         1    ##.....
 Conjure Flame            Conj/Fire      #.......     91%         3    ####...
 Slow                     Hex            #.......     73%         2    ###....
 Mephitic Cloud           Conj/Pois/Air  #.......     91%         3    ####...
 Blink                    Tloc           N/A          73%         2    ###....
 Call Imp                 Summ           #.......     73%         2    ###....


Dungeon Overview and Level Annotations

Branches:
Dungeon (11/15)            Temple (0/1) D:7            Lair (5/6) D:8
 Spider (0/4) Lair:3          Orc (1/2) D:11
  Swamp: Lair:2-4    Shoals: Lair:2-4     Slime: Lair:5-6

Altars:
Ashenzari
Cheibriados
Dithmenos
Elyvilon
Hepliaklqana
Kikubaaqudgha
Makhleb
Nemelex Xobeh
Okawaru

Shops:
D:4 [   D:9 :   D:10 *%!


Innate Abilities, Weirdness & Mutations

You can breathe blasts of fire.
Your fiery red scales are hard. (AC +8)
You cannot fit into any form of body armour.
Your flesh is heat resistant. (rF+)
You are cold-blooded and may be slowed by cold attacks.
Your life essence is reduced to manifest your ancestor. (-10% HP)
Your large and strong wings let you fly indefinitely.
Your tail ends in a poisonous barb.
You are agile. (Dex +2)
Your muscles are strong. (Str +2)
You are occasionally teleported next to monsters.


Message History

Press: ? - help, Shift-Dir - straight line, f/p - stone giant
Aim: a stone giant (chance to defeat MR: 14%)
The stone giant resists with almost no effort.
Appia hits the stone giant but does no damage.
Appia drains the stone giant!
The stone giant hits you!!
You see here 18 stones.
You puncture the stone giant!
The stone giant is poisoned.
The stone giant is lightly wounded.
Appia hits the stone giant with a dagger of draining.
The stone giant hits you!!
* * * LOW HITPOINT WARNING * * *
You hit the stone giant.
The stone giant is moderately wounded.
You puncture the stone giant!
The stone giant looks as sick as possible!
You tail-slap the stone giant, but do no damage.
The stone giant is heavily wounded.
Appia hits the stone giant but does no damage.
The stone giant hits you!!
You die...

.............# #...........
.............# #####.........##
.............# #.............#
......####...#####.............#
...#### #..........o..........#
...# #.....................#
...## #)....................#
....# #.....................#
....# #.....<@C.............##
....# #......R................
....# #........#######.[[#####
....######...######.....#...#....
.............#..........#.).#....
.............#..........#..[#....
.............#..........#..).....
....<#########..........#....8...
.....#......†...........#........


You could see the friendly Appia the hexer, a stone giant and an orc warrior.

Vanquished Creatures
  Nessos (Lair:5)
  4 hydras
  3 two-headed ogres
  An orc high priest (Orc:1)
  An orb spider (D:10)
  An oklob plant (Lair:2)
  A wolf spider (Lair:2)
  An ugly thing (D:10)
  2 black mambas
  4 spiny frogs
  3 komodo dragons
  A rime drake (Lair:4)
  3 jumping spiders
  A troll (D:10)
  Grinder (D:3)
  4 hippogriffs
  8 blink frogs
  14 yaks
  A wraith (D:11)
  2 basilisks
  A fire bat (D:9)
  2 hungry ghosts (D:11)
  A soldier ant (D:11)
  2 water moccasins
  2 porcupines
  2 sky beasts
  4 ice beasts
  3 black bears
  2 necrophages
  7 orc warriors
  2 phantoms (D:11)
  2 ogres
  6 centaurs
  3 wolves (Lair:4)
  4 crocodiles
  A big kobold (D:9)
  10 bullfrogs
  A scorpion (D:3)
  3 troll zombies (D:11)
  13 killer bees
  An electric eel (Lair:4)
  7 wights
  2 howler monkeys
  2 crimson imps
  2 bullfrog zombies
  6 hounds
  A quasit (D:6)
  10 orc priests
  11 orc wizards
  2 bullfrog skeletons
  An iguana (D:4)
  Jessica (D:3)
  7 worker ants
  3 ogre zombies (D:11)
  A hound zombie (D:11)
  2 worker ant zombies
  A gnoll (D:1)
  4 adders
  4 shadow imps
  2 oozes
  A worm (D:3)
  5 leopard geckos
  45 orcs
  4 giant cockroaches
  5 goblins
  4 hobgoblins
  5 quokkas
  2 ball pythons
  9 bats
  3 frilled lizards
  A goblin skeleton (D:11)
  A goblin zombie (D:11)
  2 hobgoblin skeletons (D:11)
  A hobgoblin zombie (D:11)
  A jackal skeleton (D:6)
  4 kobolds
  3 orc skeletons (D:11)
  11 orc zombies (D:11)
  2 quokka skeletons
  7 rats
314 creatures vanquished.

Vanquished Creatures (collateral kills)
  A catoblepas (Lair:2)
  A two-headed ogre (D:11)
  A black mamba (Lair:2)
  3 spiny frogs
  2 komodo dragons
  4 blink frogs
  2 hippogriffs
  2 yaks (Lair:1)
  A wyvern (D:10)
  A basilisk (Lair:2)
  A hungry ghost (D:11)
  A water moccasin (D:10)
  An orc warrior (Orc:1)
  2 ogres
  A wolf (Lair:4)
  A crocodile (Lair:2)
  4 bullfrogs
  2 scorpions
  A troll zombie (D:11)
  2 killer bees
  A wight (D:8)
  A lava snake (Lair:4)
  A crimson imp (D:10)
  A centaur zombie (D:11)
  A hound (D:9)
  An orc priest (D:11)
  A bullfrog skeleton (D:4)
  A centaur skeleton (D:11)
  An iguana (D:8)
  3 worker ants
  An ogre zombie (D:11)
  A hound zombie (D:9)
  3 adders
  A dart slug (D:3)
  15 orcs
  A goblin skeleton (D:11)
  A leopard gecko skeleton (D:4)
  2 orc skeletons (D:11)
  3 orc zombies (D:11)
  A quokka skeleton (D:6)
  A rat (D:3)
76 creatures vanquished.

Vanquished Creatures (others)
  A wyvern (Lair:5)
  10 hexers
  4 ancestors
  2 fungi (D:8)
  4 plants (D:8)
21 creatures vanquished.

Grand Total: 411 creatures vanquished

Notes
Turn   | Place    | Note
-------+----------+-------------------------------------------
     0 | D:1      | PikkenKukken the Draconian Fighter began the quest for the Orb.
     0 | D:1      | Reached XP level 1. HP: 19/19 MP: 1/1
   314 | D:1      | Reached XP level 2. HP: 25/26 MP: 2/2
   708 | D:1      | Reached XP level 3. HP: 12/31 MP: 3/3
  1113 | D:2      | Reached skill level 1 in Throwing
  1460 | D:2      | Reached XP level 4. HP: 40/40 MP: 4/4
  1730 | D:3      | Found a hazy altar of Hepliaklqana.
  1748 | D:3      | Became a worshipper of Hepliaklqana the Forgotten
  1952 | D:3      | Noticed Jessica
  2082 | D:3      | Reached skill level 4 in Fighting
  2205 | D:3      | Killed Jessica
  2205 | D:3      | Reached XP level 5. HP: 41/41 MP: 5/5
  2406 | D:3      | Found a faded altar of an unknown god.
  2482 | D:3      | Noticed Grinder
  2494 | D:3      | Killed Grinder
  2494 | D:3      | Reached XP level 6. HP: 30/47 MP: 5/7
  2856 | D:4      | Found a shattered altar of Ashenzari.
  2951 | D:4      | Found Rilysicu's Armour Boutique.
  3104 | D:3      | Your scales start taking on a fiery red colour.
  3104 | D:3      | Reached XP level 7. HP: 32/54 MP: 9/9
  3104 | D:3      | Gained mutation: Your flesh is heat resistant. (rF+) [Red Draconian growth]
  3375 | D:4      | Reached * piety under Hepliaklqana
  3493 | D:4      | Found a shadowy altar of Dithmenos.
  3832 | D:5      | Entered Level 5 of the Dungeon
  3832 | D:5      | Found a snail-covered altar of Cheibriados.
  4502 | D:6      | Reached skill level 5 in Fighting
  4611 | D:6      | Noticed a two-headed ogre
  4619 | D:6      | Killed a two-headed ogre
  4619 | D:6      | Reached skill level 6 in Fighting
  4619 | D:6      | Reached skill level 5 in Short Blades
  4619 | D:6      | Reached skill level 5 in Dodging
  4619 | D:6      | Reached skill level 5 in Shields
  4619 | D:6      | Reached XP level 8. HP: 63/63 MP: 10/10
  4720 | D:6      | Found an ancient bone altar of Kikubaaqudgha.
  4720 | D:6      | Found a sparkling altar of Nemelex Xobeh.
  5004 | D:6      | Found a white marble altar of Elyvilon.
  5560 | D:7      | Noticed a hippogriff
  5599 | D:6      | Reached XP level 9. HP: 35/70 MP: 11/11
  6061 | D:7      | Reached ** piety under Hepliaklqana
  6082 | D:7      | Remembered your ancestor Appia as a hexer
  6334 | D:7      | Found a staircase to the Ecumenical Temple.
  6830 | D:8      | Noticed a two-headed ogre
  6872 | D:8      | Killed a two-headed ogre
  6872 | D:8      | Reached skill level 7 in Fighting
  6872 | D:8      | Reached skill level 5 in Throwing
  7232 | D:8      | Found a staircase to the Lair.
  7704 | D:8      | Found a burning altar of Makhleb.
  7738 | D:8      | Reached *** piety under Hepliaklqana
  8250 | Lair:1   | Entered Level 1 of the Lair of Beasts
  8261 | Lair:1   | Reached XP level 10. HP: 68/79 MP: 12/12
  8585 | Lair:1   | Reached skill level 8 in Fighting
  9107 | Lair:1   | Gained mutation: You expend magic power (3 MP) to strengthen your wands. [potion of mutation]
  9107 | Lair:1   | Gained mutation: Your muscles are strong. (Str +2) [potion of mutation]
  9107 | Lair:1   | Gained mutation: Your body sometimes deteriorates upon taking damage. [potion of mutation]
  9107 | Lair:1   | Gained mutation: You are resistant to hostile enchantments. (MR+) [potion of mutation]
  9132 | Lair:1   | Noticed a five-headed hydra
  9145 | Lair:1   | Killed a five-headed hydra
  9388 | Lair:1   | Noticed a spiny frog
  9411 | Lair:1   | Killed a spiny frog
  9430 | Lair:1   | Noticed a spiny frog
  9444 | Lair:1   | Killed a spiny frog
  9721 | Lair:1   | Reached **** piety under Hepliaklqana
  9901 | Lair:1   | Reached XP level 11. HP: 82/85 MP: 13/13
 10393 | Lair:2   | Reached skill level 9 in Fighting
 10432 | Lair:2   | Noticed an oklob plant
 10445 | Lair:2   | Killed an oklob plant
 10938 | Lair:2   | Reached skill level 1 in Evocations
 11178 | Lair:2   | Noticed a catoblepas
 11194 | Lair:2   | Killed a catoblepas
 11691 | Lair:3   | Noticed a four-headed hydra
 11705 | Lair:3   | Killed a four-headed hydra
 11835 | Lair:3   | Noticed a wolf spider
 12074 | Lair:2   | Killed a wolf spider
 12405 | Lair:3   | Found a hole to the Spider Nest.
 13087 | Lair:4   | Reached ***** piety under Hepliaklqana
 13699 | Lair:4   | Noticed a four-headed hydra
 13708 | Lair:4   | Killed a four-headed hydra
 13708 | Lair:4   | Reached skill level 10 in Fighting
 13708 | Lair:4   | Reached XP level 12. HP: 87/95 MP: 15/15
 13975 | Lair:5   | Noticed a five-headed hydra
 14036 | Lair:5   | Killed a five-headed hydra
 14600 | Lair:5   | Noticed Nessos
 14626 | Lair:5   | Killed Nessos
 15652 | Lair:2   | You fall through a shaft for 2 floors!
 16157 | D:9      | Found Pebb's Book Emporium.
 16170 | D:9      | Found an iron altar of Okawaru.
 16187 | D:9      | Noticed a two-headed ogre
 16200 | D:9      | Killed a two-headed ogre
 16889 | D:10     | Entered Level 10 of the Dungeon
 16989 | D:10     | Found Fodah's Assorted Antiques.
 16995 | D:10     | Bought a potion of curing for 102 gold pieces
 17256 | D:10     | Found Araenaa's Distillery.
 17272 | D:10     | Bought a potion of mutation for 120 gold pieces
 17272 | D:10     | Bought a potion of degeneration for 15 gold pieces
 17272 | D:10     | Bought a potion of haste for 150 gold pieces
 17272 | D:10     | Bought a potion of heal wounds for 75 gold pieces
 17274 | D:10     | Lost mutation: Your body sometimes deteriorates upon taking damage. [potion of mutation]
 17274 | D:10     | Lost mutation: You are resistant to hostile enchantments. (MR+) [potion of mutation]
 17274 | D:10     | Lost mutation: You expend magic power (3 MP) to strengthen your wands. [potion of mutation]
 17274 | D:10     | Gained mutation: You are occasionally teleported next to monsters. [potion of mutation]
 17274 | D:10     | Gained mutation: You are agile. (Dex +2) [potion of mutation]
 17274 | D:10     | Gained mutation: Your large and strong wings let you fly indefinitely. [potion of mutation]
 17274 | D:10     | Gained mutation: Your tail ends in a poisonous barb. [potion of mutation]
 17297 | D:10     | Reached skill level 10 in Shields
 17310 | D:10     | Found Goufif's Food Shoppe.
 18231 | D:11     | Reached skill level 11 in Fighting
 18398 | D:11     | Noticed a two-headed ogre
 18547 | D:11     | Killed a two-headed ogre
 18552 | D:11     | Reached XP level 13. HP: 103/103 MP: 16/16
 18561 | D:11     | Reached skill level 10 in Short Blades
 18802 | D:11     | Found a staircase to the Orcish Mines.
 18882 | D:11     | Reached ****** piety under Hepliaklqana
 19480 | Orc:1    | Entered Level 1 of the Orcish Mines
 19494 | Orc:1    | Noticed a stone giant
 19528 | D:11     | Reached skill level 5 in Evocations
 19569 | D:11     | Mangled by a stone giant

Vault maps used:
D:1:      elethiomel_arrival_shortcut, minivault_14, kennysheep_small_spiral
D:2:      lemuel_upstairs_altar, serial_park_tiny_2
D:3:      nicolae_overflow_crystal_walls, chequers_ecumenical_altar_grove,
          first_ration, uniq_grinder, uniq_jessica
D:4:      ashenzari_conservatory_becter, serial_shops, shop,
          grunt_dithmenos_shadows
D:5:      basic_altar
D:6:      gammafunk_temple_overflow_wave, hangedman_abyss_or_decor_stagger,
          minmay_fountain_box, minivault_1, elyvilon_altar_1
D:7:      minmay_temple_entry_mist, minmay_hedge_maze
D:8:      kennysheep_little_box, dpeg_oklobed_lair
D:9:      kennysheep_mini, serial_shops, nicolae_shop_behind_doors
D:10:     serial_shops, shop, shop_statue, shop, grunt_tengu_nest
D:11:     zombieorc2_lemuel, kennysheep_generic_room_13
Lair:2:   hangedman_lair_generics_rect, serial_bayou_shore_b
Lair:3:   spider_nest_entry_funnel_web
Lair:4:   hangedman_what_comes_after_a, elwin_shoals_entry_rooms, st_stairs_12
Lair:5:   uniq_nessos
Orc:1:    portal_ice_cave_entry_animals_and_master

Skill      XL: |  1  2  3  4  5  6  7  8  9 10 11 12 13 |
---------------+----------------------------------------+-----
Throwing       | 1 2 3 4 5 6 7 8 |  8.9
Dodging        | 3 5 6 7 8 9 |  9.5
Fighting       | 4 6 7 8 10 11 | 11.2
Short Blades   | 3 5 6 7 8 9 10 | 10.1
Shields        | 4 5 7 8 9 10 | 10.3
Invocations    | 2 3 |  3.0
Evocations     | 4 5 |  5.0

Action                   |  1- 3 |  4- 6 |  7- 9 | 10-12 | 13-15 || total
-------------------------+-------+-------+-------+-------+-------++-------
Melee: Rapier            |    90 |   114 |   275 |   781 |   183 ||  1443
       Tailslap          |    13 |    11 |    43 |   148 |    39 ||   254
Throw: Tomahawk          |       |     7 |    32 |    57 |     8 ||   104
Invok: Recall Ancestor   |       |     1 |       |     6 |     4 ||    11
       Ancestor Life: He |       |       |     1 |       |       ||     1
       Transference      |       |       |       |       |     1 ||     1
 Abil: Breathe Fire      |       |       |     4 |     5 |       ||     9
       Fly               |       |       |       |     1 |       ||     1
Evoke: Wand              |       |       |     2 |    27 |    15 ||    44
  Use: Scroll            |     3 |     6 |    13 |     8 |       ||    30
       Potion            |       |     2 |     1 |     6 |       ||     9
 Stab: Sleeping          |       |     2 |     2 |     1 |       ||     5
       Distracted        |       |       |     3 |     7 |       ||    10
       Confused          |       |       |     2 |    13 |     3 ||    18
       Paralysed         |       |       |       |    13 |       ||    13
       Petrified         |       |       |       |     2 |       ||     2
       Petrifying        |       |       |       |     1 |       ||     1
  Eat: Chunk             |     1 |     4 |     4 |    12 |     5 ||    26
       Ration            |       |     1 |     4 |     6 |     1 ||    12
Armor: Skin              |    32 |    39 |    63 |   145 |    19 ||   298
Dodge: Dodged            |    46 |    37 |   114 |   383 |    81 ||   661
Block: Shield            |    47 |    68 |   145 |   468 |   105 ||   833

Table legend:
 A = Spawn XP
 B = Non-spawn XP
 C = Spawn XP percentage of total XP
 D = Spawn monster count
 E = Non-spawn monster count
 F = Spawn count percentage of total count
 G = Total turns spent on level
                    A         B        C        D         E        F      G
               +---------+---------+-------+---------+---------+-------+---------
         Total |       0 |   41924 |   0.0 |       0 |     391 |   0.0 | 19569
               +---------+---------+-------+---------+---------+-------+---------
           D:1 |       0 |      44 |   0.0 |       0 |      17 |   0.0 |  1097
           D:2 |       0 |      56 |   0.0 |       0 |       9 |   0.0 |   633
           D:3 |       0 |     635 |   0.0 |       0 |      35 |   0.0 |  1359
           D:4 |       0 |     185 |   0.0 |       0 |      13 |   0.0 |   807
           D:5 |       0 |     104 |   0.0 |       0 |       8 |   0.0 |   645
           D:6 |       0 |    2077 |   0.0 |       0 |      22 |   0.0 |  1592
           D:7 |       0 |     575 |   0.0 |       0 |      18 |   0.0 |  1071
           D:8 |       0 |    2800 |   0.0 |       0 |      19 |   0.0 |  1746
           D:9 |       0 |    2711 |   0.0 |       0 |      46 |   0.0 |  1080
          D:10 |       0 |    3273 |   0.0 |       0 |      33 |   0.0 |  1317
          D:11 |       0 |    5294 |   0.0 |       0 |      81 |   0.0 |  1330
        Lair:1 |       0 |    4536 |   0.0 |       0 |      18 |   0.0 |  1448
        Lair:2 |       0 |    5238 |   0.0 |       0 |      18 |   0.0 |  1663
        Lair:3 |       0 |    3684 |   0.0 |       0 |      15 |   0.0 |  1391
        Lair:4 |       0 |    2987 |   0.0 |       0 |      15 |   0.0 |   719
        Lair:5 |       0 |    6503 |   0.0 |       0 |      18 |   0.0 |  1638
         Orc:1 |       0 |    1222 |   0.0 |       0 |       6 |   0.0 |    33
               +---------+---------+-------+---------+---------+-------+---------
